 Dungeon Crawl Stone Soup version 0.31-a0-1308-ga3cce3a448 (webtiles) character file.

Game seed: 8746981395142508758

957 Skeral the Ruffian (level 7, -5/66 HPs)
             Began as a Green Draconian Shapeshifter on Dec 19, 2023.
             Constricted to death by Pikel (6 damage)
             ... on level 4 of the Dungeon.
             The game lasted 00:13:18 (4167 turns).

Skeral the Ruffian (Green Draconian Shapeshifter)   Turns: 4167, Time: 00:13:19

Health: -5/66      AC: 10    Str: 16    XL:     7   Next: 91%
Magic:  16/16      EV:  9    Int: 11    God:
Gold:   318        SH:  0    Dex: 12    Spells: 6/6 levels left

rFire   . .          .
                       - Unarmed
rCold   . . .        (no shield)
rNeg    . . .        (body armour unavailable)
rPois   +            (helmet restricted)
rElec   .            d - +2 cloak
rCorr   .            e - +0 pair of gloves
SInv    .            (no boots)
Will    .....        (no amulet)
Stlth   +            W - ring of magical power
HPRegen 0.31/turn    (no ring)
MPRegen 0.15/turn

%: no passive effects
@: grasped by roots, slowed, constricted, very slow
A: breathe noxious fumes, AC +6, unfitting armour, poison resistance,
cold-blooded
a: Breathe Noxious Fumes


You were on level 4 of the Dungeon.
You visited 1 branch of the dungeon, and saw 5 of its levels.
You also visited: Sewer.

You collected 318 gold pieces.


Innate Abilities, Weirdness & Mutations

You can breathe blasts of noxious fumes.
Your lurid green scales are hard. (AC +6)
You cannot fit into any form of body armour.
Your system is resistant to poisons. (rPois)
You are cold-blooded and may be slowed by cold attacks.


   Skills:
 + Level 7.0 Fighting
 - Level 1.7 Dodging
 + Level 7.1 Unarmed Combat
 * Level 3.1 Shapeshifting


You had 6 spell levels left.
You didn't know any spells.
Your spell library contained the following spells:

 Spells                   Type           Power      Damage    Failure   Level
 Summon Small Mammal      Summ           0%         N/A       34%         1
 Ensorcelled Hibernation  Hex/Ice        0%         N/A       47%         2
 Jinxbite                 Hex            0%         N/A       47%         2
 Call Canine Familiar     Summ           0%         N/A       71%         3
 Ozocubu's Armour         Ice            0%         N/A       71%         3
 Summon Guardian Golem    Hex/Summ       0%         N/A       71%         3
 Anguish                  Hex/Necr       0%         N/A       98%         4
 Metabolic Englaciation   Hex/Ice        0%         N/A       100%        5
 Simulacrum               Ice/Necr       0%         N/A       100%        6

Inventory:

Missiles
 g - 17 poisoned darts
 l - a throwing net {=f!f}
Armour
 d - a +2 cloak (worn)
   (You found it on level 1 of the Dungeon)
 e - a +0 pair of gloves (worn)
   (You found it on level 1 of the Dungeon)
Magical Staves
 p - a staff of fire {!a}
   (You found it on level 3 of the Dungeon)
Jewellery
 v - a ring of see invisible
   (You found it on level 5 of the Dungeon)
 W - a ring of magical power (left hand)
   (You found it on level 1 of the Dungeon)
Talismans
 b - a beast talisman
 c - a flux talisman
Wands
 h - a wand of light (4)
   (You took it off Ijyb on level 2 of the Dungeon)
 o - a wand of flame (14)
   (You took it off Terence on level 3 of the Dungeon)
Scrolls
 f - a scroll of revelation {unknown}
 i - a scroll of fear {unknown}
 j - 3 scrolls of identify {unknown}
 k - 3 scrolls of enchant armour {unknown}
 m - 2 scrolls of teleportation {unknown}
 n - 2 scrolls of amnesia {unknown}
 s - a scroll of blinking {unknown}
 t - a scroll of vulnerability {unknown}
 w - a scroll of fog {unknown}
Potions
 a - 2 potions of lignification {!q}
 q - a potion of curing {unknown}
 r - 2 potions of cancellation {unknown}
 u - 2 potions of heal wounds {@q2}
 x - a potion of haste {@q3}

Dungeon Overview and Level Annotations

Branches:
Dungeon (5/15) Zot: 26103   Sewer (visited)
 Temple: D:4-7

Altars:
Dithmenos
Nemelex Xobeh
Uskayaw

Shops:
D:3 :

Annotations:
D:4 Pikel

.....K.............
#.##..5............
#. #.5.............
#.##...............
#.###)............#
#.# #............##
#.# #)##...######
###.###.##.### ♣♣♣♣♣
#...@#.....# ♣♣.♣.♣
#....K5#.##### ♣.....
#>...#...# #.#♣♣.....
#......#####.#♣......
###..### #..#♣.(...♣
#.## #.##♣♣..... #.#
###.# ♣♣.P.(. #.#
##...# ♣.P...♣
#####.####..###
♣.(....


You could see Pikel and a lemure.


Message History

You escape the roots grasp. 😕 HP[+1] Pikel zaps a wand.
The roots erupt in riotous growth!
The grasping roots grab you! The grasping roots constrict you.
Items here: )) [ †. 😕 HP[-1]
You take 1 damage, and now have 60/66 hp.
You escape the roots grasp.
Things that are here:
a +0 whip; an orc corpse 😕 HP[+1] 😕 HP[+1]
You start resting.
A lemure is nearby! 😕 HP[+1]
You hit the lemure. You tail-slap the lemure. The lemure misses you. 😕 HP[+1]
You punch the lemure!
Your tail-slap misses the lemure.
You punch the lemure! You hit Pikel. The lemure barely misses you.
Pikel misses you.
You closely miss Pikel. The lemure hits you but does no damage.
Pikel hits you with a +2 whip of freezing.
You feel yourself slow down. Pikel freezes you. 😕 HP[-8]
You take 8 damage, and now have 56/66 hp.
You hit the lemure.
You kill the lemure!
That felt strangely unrewarding.
Pikel completely misses you.
You hit Pikel.
You feel yourself speed up. Pikel closely misses you.
You hit Pikel but do no damage.
Your tail-slap misses Pikel.
Pikel hits you but does no damage. 😕 HP[+1]
You punch Pikel! Pikel hits you but does no damage.
You hit Pikel but do no damage. You tail-slap Pikel, but do no damage.
Pikel hits you with a +2 whip of freezing.
You feel yourself slow down. Pikel freezes you. 😕 HP[-4]
You take 4 damage, and now have 53/66 hp.
You hit Pikel.
Your tail-slap misses Pikel.
You punch Pikel.
Pikel hits you but does no damage. x2 😕 HP[+1]
You hit Pikel.
You feel yourself speed up.
Pikel zaps a wand.
The roots erupt in riotous growth!
The grasping roots grab you!
Pikel is unaffected.
The grasping roots constrict you. 😕 HP[-4]
You take 4 damage, and now have 50/66 hp.
You hit Pikel.
Your tail-slap misses Pikel.
Pikel hits you but does no damage.
The grasping roots constrict you. 😮 HP[-6]
You take 6 damage, and now have 44/66 hp.
You barely miss Pikel. Pikel closely misses you.
The grasping roots constrict you. 😮 HP[-2]
You take 2 damage, and now have 42/66 hp.
You barely miss Pikel. Pikel hits you but does no damage.
The grasping roots constrict you.
The grasping roots release their grip on you. 😮 HP[-3]
You take 3 damage, and now have 39/66 hp.
You hit Pikel but do no damage.
Your tail-slap misses Pikel.
You miss Pikel. Pikel barely misses you.
You hit Pikel.
Pikel hits you with a +2 whip of freezing.
You feel yourself slow down. Pikel freezes you. 😮 HP[-4]
You take 4 damage, and now have 35/66 hp.
You hit Pikel but do no damage.
Pikel zaps a wand.
The roots erupt in riotous growth!
The grasping roots grab you!
Pikel is unaffected.
The grasping roots constrict you.
* * * LOW HITPOINT WARNING * * *
😨 HP[-6]
You take 6 damage, and now have 29/66 hp.
You hit Pikel but do no damage.
You feel yourself speed up.
Pikel hits you with a +2 whip of freezing!
* * * LOW HITPOINT WARNING * * *
You feel yourself slow down. Pikel freezes you.
* * * LOW HITPOINT WARNING * * *
The grasping roots constrict you.
* * * LOW HITPOINT WARNING * * *
Pikel hits you with a +2 whip of freezing!
* * * LOW HITPOINT WARNING * * *
Pikel freezes you.
* * * LOW HITPOINT WARNING * * *
The grasping roots constrict you.
You die...
Pikel says, "See you in Hell!"

Skill      XL: |  1  2  3  4  5  6  7 |
---------------+----------------------+-----
Fighting       | 2 3 4 5 7 |  7.0
Unarmed Combat | 4 5 6 7 |  7.1
Dodging        | |  1.7
Shapeshifting  | |  3.1

Action                     |  1- 3 |  4- 6 |  7- 9 || total
---------------------------+-------+-------+-------++-------
  Melee: Unarmed           |   155 |   188 |   146 ||   489
         Tailslap          |    17 |    22 |    19 ||    58
         Punch             |     2 |     6 |     6 ||    14
  Evoke: Wand              |       |     2 |     3 ||     5
    Use: Potion            |     1 |     2 |       ||     3
   Stab: Invisible         |     1 |     3 |       ||     4
         Sleeping          |       |       |     1 ||     1
 Armour: Skin              |    77 |   119 |   121 ||   317
  Dodge: Dodged            |   106 |    98 |    76 ||   280
         Form:             |     2 |       |       ||     2
         Beast             |     2 |       |       ||     2

Levels and vault maps discovered:
D:1:      lemuel_arrival_rhombus, layout_basic,
          hellmonk_ecumenical_altar_leap_of_faith, dk_noncrumbling_4,
          minmay_distorted
D:2:      layout_basic, minivault_23, minmay_misc_feat_iff
D:3:      layout_rooms, lemuel_doored_altar, nemelex_xobeh_ov_fountains_minmay,
          serial_shops, nicolae_shop_advertising_works
          [nicolae_subvault_shop_adworks], saegor_snake_ambush, uniq_natasha,
          uniq_ijyb, uniq_terence
D:4:      layout_rooms, nicolae_sif_muna_little_library,
          nicolae_zen_rock_garden, uniq_edmund, uniq_pikel, uniq_menkaure,
          uniq_eustachio
D:5:      layout_rooms, eat_drink_and_be_merry_uskayaw, portal_sewer_entry_e

Notes
Turn   | Place    | Note
-------+----------+-------------------------------------------
     0 | D:1      | Skeral the Draconian Shapeshifter began the quest for the
                  | Orb.
     0 | D:1      | Reached XP level 1. HP: 16/16 MP: 1/1
     0 | D:1      | magus.rc [v1.10.3]
    98 | D:1      | magus.rc [v1.10.3]
   356 | D:1      | You pick up a book of Winter and begin reading...
   356 | D:1      | You add the spells Ozocubu's Armour, Metabolic Englaciation
                  | and Simulacrum to your library.
   399 | D:1      | Reached XP level 2. HP: 24/24 MP: 2/2
   450 | D:1      | Found a faded altar of an unknown god.
   603 | D:1      | Reached skill level 2 in Fighting
  1079 | D:2      | Reached XP level 3. HP: 30/30 MP: 3/3
  1898 | D:3      | Reached skill level 3 in Fighting
  1898 | D:3      | Reached skill level 4 in Unarmed Combat
  1902 | D:3      | Noticed Ijyb
  1917 | D:2      | Reached XP level 4. HP: 15/38 MP: 4/4
  1920 | D:2      | HP: 7/38 [Ijyb/bolt of light (9)]
  1921 | D:2      | HP: 3/38 [Ijyb/+0 club (4)]
  1938 | D:2      | Killed Ijyb
  2054 | D:3      | Found Qicapt's Book Emporium.
  2061 | D:3      | Found a shadowy altar of Dithmenos.
  2076 | D:3      | Noticed Natasha
  2078 | D:3      | You pick up a book of Callings and begin reading...
  2078 | D:3      | You add the spells Summon Small Mammal, Call Canine
                  | Familiar and Summon Guardian Golem to your library.
  2083 | D:3      | Killed Natasha
  2092 | D:3      | Reached XP level 5. HP: 35/46 MP: 5/5
  2306 | D:3      | Noticed Natasha
  2317 | D:3      | Killed Natasha
  2318 | D:3      | Reached skill level 4 in Fighting
  2349 | D:3      | Noticed Natasha
  2359 | D:3      | Killed Natasha
  2383 | D:3      | Noticed Terence
  2405 | D:3      | Killed Terence
  2406 | D:3      | Reached skill level 5 in Unarmed Combat
  2794 | D:3      | Found a sparkling altar of Nemelex Xobeh.
  2858 | D:4      | You fall into a shaft and drop 1 floor!
  2858 | D:5      | Entered Level 5 of the Dungeon
  2888 | D:5      | Reached XP level 6. HP: 38/53 MP: 6/6
  2954 | D:5      | You pick up a book of Dreams and begin reading...
  2954 | D:5      | You add the spells Jinxbite, Ensorcelled Hibernation and
                  | Anguish to your library.
  3005 | D:5      | Reached skill level 5 in Fighting
  3070 | D:5      | Found a hide-covered altar of Uskayaw.
  3216 | D:5      | Reached skill level 6 in Unarmed Combat
  3216 | D:5      | Your scales start taking on a lurid green colour.
  3216 | D:5      | Reached XP level 7. HP: 51/62 MP: 7/7
  3216 | D:5      | Gained mutation: Your system is resistant to poisons.
                  | (rPois) [Green Draconian growth]
  3318 | D:5      | Found a glowing drain.
  3325 | Sewer    | Entered a sewer
  3510 | Sewer    | Noticed Pargi
  3535 | Sewer    | Killed Pargi
  3536 | Sewer    | Reached skill level 6 in Fighting
  3964 | D:4      | Noticed Menkaure
  3986 | D:4      | Killed Menkaure
  3987 | D:4      | Reached skill level 7 in Fighting
  3987 | D:4      | Reached skill level 7 in Unarmed Combat
  4130 | D:4      | Noticed Pikel
  4167 | D:4      | HP: 13/66 [constriction (6)]
  4167 | D:4      | HP: 5/66 [Pikel/+2 whip of freezing (8)]
  4167 | D:4      | HP: 1/66 [Pikel/+2 whip of freezing (4)]
  4167 | D:4      | Constricted to death by Pikel

Vanquished Creatures
  Menkaure (D:4)
  Pargi (Sewer)
  A lemure (D:4)
  A kobold brigand (Sewer)
  A phantom (D:5)
  A brain worm (Sewer)
  A scorpion (D:5)
  3 hounds (D:5)
  Ijyb (D:2)
  2 iguanas (D:5)
  Terence (D:3)
  An orc wizard (D:5)
  Natasha (thrice) (D:3)
  3 river rats (D:5)
  6 adders
  2 worms (D:2)
  3 dart slugs
  6 orcs
  9 bats
  7 endoplasms
  5 giant cockroaches
  2 goblins (D:1)
  4 hobgoblins
  9 jackals
  4 quokkas
  5 ball pythons
  6 frilled lizards
  9 kobolds
  8 rats
106 creatures vanquished.

Vanquished Creatures (others)
  A goblin (D:1)
  A bat (D:3)
2 creatures vanquished.

Grand Total: 108 creatures vanquished

Table legend:
 A = Non-vault XP
 B = Vault XP
 C = Vault XP percentage of total XP
 D = Non-vault monster count
 E = Vault monster count
 F = Vault count percentage of total count
                 A         B        C        D         E       F
            +---------+---------+-------+---------+---------+-------
      Total |     670 |     698 |  51.0 |      84 |      23 |  21.5
            +---------+---------+-------+---------+---------+-------
        D:1 |      36 |       4 |  10.0 |      21 |       2 |   8.7
        D:2 |      59 |      38 |  39.2 |      24 |       1 |   4.0
        D:3 |     115 |      97 |  45.8 |      22 |       4 |  15.4
        D:4 |      10 |     172 |  94.5 |       4 |       1 |  20.0
        D:5 |     450 |      46 |   9.3 |      13 |       8 |  38.1
      Sewer |       0 |     341 | 100.0 |       0 |       7 | 100.0
            +---------+---------+-------+---------+---------+-------

Skill      XL: |  1  2  3  4  5  6  7 |
---------------+----------------------+-----
Fighting       | 2 3 4 5 7 |  7.0
Unarmed Combat | 4 5 6 7 |  7.1
Dodging        | |  1.7
Shapeshifting  | |  3.1

Action                     |  1- 3 |  4- 6 |  7- 9 || total
---------------------------+-------+-------+-------++-------
  Melee: Unarmed           |   155 |   188 |   146 ||   489
         Tailslap          |    17 |    22 |    19 ||    58
         Punch             |     2 |     6 |     6 ||    14
  Evoke: Wand              |       |     2 |     3 ||     5
    Use: Potion            |     1 |     2 |       ||     3
   Stab: Invisible         |     1 |     3 |       ||     4
         Sleeping          |       |       |     1 ||     1
 Armour: Skin              |    77 |   119 |   121 ||   317
  Dodge: Dodged            |   106 |    98 |    76 ||   280
         Form:             |     2 |       |       ||     2
         Beast             |     2 |       |       ||     2

Illustrated notes

Table legend:
 A = Kills in this place as a percentage of kills in the entire game.
 B = Kills by you in this place as a percentage of kills by you in the entire game.
 C = Kills by friends in this place as a percentage of kills by friends in the entire game.
 D = Other kills in this place as a percentage of other kills in the entire game.
 E = Experience gained in this place as a percentage of experience gained in the entire game.
 F = Experience gained in this place divided by the number of levels of this place that you have seen.
                   A       B       C       D       E      F
               +-------+-------+-------+-------+-------+----------------------
         Total | 100.0 | 100.0 |   N/A | 100.0 | 100.0 | 228.0
       Dungeon |  93.5 |  93.3 |   N/A | 100.0 |  75.1 | 205.4
         Sewer |   6.5 |   6.7 |   N/A |   0.0 |  24.9 | 341.0
               +-------+-------+-------+-------+-------+----------------------

Table legend: (Time is in decaauts)
 A = Elapsed time spent in this place.
 B = Non-inter-level travel time spent in this place.
 C = Inter-level travel time spent in this place.
 D = Time resting spent in this place.
 E = Time spent auto-exploring this place.
 F = Levels seen in this place.
 G = Mean time per level.
                   A        B        C        D        E       F      G
               +--------+--------+--------+--------+--------+-----+--------+
         Total |   4143 |   4070 |     73 |    381 |   1923 |   6 |  690.5 |
       Dungeon |   3731 |   3658 |     73 |    207 |   1912 |   5 |  746.2 |
         Sewer |    412 |    412 |      0 |    174 |     11 |   1 |  412.0 |
               +--------+--------+--------+--------+--------+-----+--------+

Top non-repeatable levels by time:
     D:1: 1024 daAuts
     D:2: 958 daAuts
     D:3: 822 daAuts
     D:5: 686 daAuts
   Sewer: 412 daAuts
     D:4: 240 daAuts
